 Dungeon Crawl Stone Soup version 0.28-a0-422-gd71735cc25 (webtiles) character file.

Game seed: 12865139660487702572

13684 serber55 the Slicer (level 12, -8/133 HPs)
             Began as an Octopode Brigand on Sept 3, 2021.
             Was a Follower of Dithmenos.
             Mangled by a skeletal warrior (15 damage)
             ... on level 10 of the Dungeon on Sept 8, 2021.
             The game lasted 00:52:18 (11397 turns).

serber55 the Slicer (Octopode Brigand)             Turns: 11397, Time: 00:52:19

Health: -8/133     AC: 30    Str: 10    XL:     12   Next: 8%
Magic:  12/12      EV:  2    Int: 14    God:    Dithmenos [*.....]
Gold:   262        SH:  0    Dex: 24    Spells: 9/11 levels left

rFire   + . .      SeeInvis .   z - +3 dagger (freeze)
rCold   + + .      Faith    .   (no shield)
rNeg    + + +      Spirit   .   (helmet currently unavailable)
rPois   +          Reflect  .   r - amulet of regeneration
rElec   .          Harm     .   f - ring "Dipemam" {*Slow rF+ Will+ rCorr Dex+6}
rCorr   +          Rampage  .   j - ring of resist corrosion
Will    +....      NoTele   +   p - ring of protection from cold
Stlth   +++++.....              A - ring "Houhuneu" {rF+ rCorr}
HPRegen 1.32/turn               x - +4 ring of protection
MPRegen 0.13/turn               y - ring of ice
                                (no ring)
                                (no ring)

@: tree-form, wreathed by umbra
A: stationary, stasis, torment immunity, boosted hp, almost no armour,
(amphibious), 8 rings, (camouflage 1), (gelatinous body 1), (nimble swimmer 1),
(tentacles)
a: Renounce Religion


You were on level 10 of the Dungeon.
You worshipped Dithmenos.
Dithmenos was aware of your devotion.
You were a tree.
You visited 2 branches of the dungeon, and saw 11 of its levels.

You collected 730 gold pieces.
You spent 468 gold pieces at shops.

Inventory:

Hand Weapons
 z - a +3 dagger of freezing (weapon)
Missiles
 b - 6 poisoned darts
 c - 2 curare-tipped darts
 g - 3 silver boomerangs (quivered)
 l - 17 boomerangs
 o - a throwing net
 u - 4 javelins
 I - 3 silver javelins
Jewellery
 f - the ring "Dipemam" (left branch) {*Slow rF+ Will+ rCorr Dex+6}
   (You acquired it on level 3 of the Dungeon)

   [ring of protection from fire]

   Dex:       It affects your dexterity (+6).
   rF:        It protects you from fire.
   rCorr:     It protects you from acid and corrosion.
   *Slow:     It may slow you when you take damage.
   Will:      It increases your willpower.
 i - a ring of flight
 j - a ring of resist corrosion (right branch)
 p - a ring of protection from cold (on tentacle)
 r - an amulet of regeneration (around neck)
 x - a +4 ring of protection (on tentacle)
 y - a ring of ice (on tentacle)
 A - the ring "Houhuneu" (on tentacle) {rF+ rCorr}
   (You found it on level 7 of the Dungeon)

   [ring of resist corrosion]

   rF:        It protects you from fire.
   rCorr:     It protects you from acid and corrosion.
 K - an amulet of guardian spirit
Wands
 a - a wand of mindburst (4)
 q - a wand of polymorph (14)
 t - a wand of iceblast (13)
 w - a wand of flame (8)
Scrolls
 d - 3 scrolls of teleportation
 e - a scroll of identify
 B - a scroll of enchant weapon
 C - a scroll of torment
 D - a scroll of enchant armour
 E - a scroll of fear
 G - a scroll of holy word
 J - a scroll of brand weapon
Potions
 m - 2 potions of brilliance
 s - a potion of attraction
 v - 2 potions of flight
 F - 2 potions of magic
 L - 2 potions of haste {unknown}


   Skills:
 + Level 10.7 Fighting
 + Level 12.8 Short Blades
 + Level 2.2 Throwing
 - Level 7.4 Dodging
 + Level 7.1 Stealth
 - Level 3.0 Hexes
 - Level 3.0 Ice Magic


You had 9 spell levels left.
You knew the following spells:

 Your Spells              Type           Power      Damage    Failure   Level
a - Ensorcelled Hibernat  Hex/Ice        24%        N/A       13%         2

Your spell library contained the following spells:

 Spells                   Type           Power      Damage    Failure   Level
 Animate Skeleton         Necr           0%         N/A       28%         1
 Ignite Poison            Fire/Tmut/Pois 0%         N/A       65%         3
 Mephitic Cloud           Conj/Pois/Air  0%         N/A       65%         3
 Spider Form              Tmut/Pois      0%         N/A       65%         3
 Stone Arrow              Conj/Erth      0%         3d7       65%         3
 Bolt of Magma            Conj/Fire/Erth 0%         4d4       100%        5
 Lehudib's Crystal Spear  Conj/Erth      0%         10d2      100%        8
 Animate Armour           Summ/Erth      Unusable   N/A       N/A         4

Dungeon Overview and Level Annotations

Branches:
Dungeon (10/15)            Temple (1/1) D:5            Lair (0/6) D:10
    Orc (0/2) D:10

Altars:
Ashenzari
Cheibriados
Dithmenos
Elyvilon
Fedhas
Gozag
Hepliaklqana
Kikubaaqudgha
Makhleb
Qazlal
Sif Muna
Trog
Uskayaw
Vehumet
Wu Jian
Xom
Zin
The Shining One
Jiyva

Shops:
D:1 ?   D:3 *   D:8 !!   D:9 *

Annotations:
D:9 CraigForest's ghost, novice NaDe


Innate Abilities, Weirdness & Mutations

You are a tree.
Your roots penetrate the ground, keeping you stationary.
You cannot be teleported.
You are immune to unholy pain and torment.
Your maximum health is greatly increased.
You cannot wear most types of armour.
((You are amphibious.))
You can wear up to eight rings at the same time.
((Your skin changes colour to match your surroundings (Stealth+).))
((Your rubbery body absorbs attacks. (AC +1, EV +1)))
((You are camouflaged near water. (Stealth+)))
((You have tentacles for arms and can constrict up to eight enemies at once.))


Message History

As you read the scroll of fear, it crumbles to dust.
You assume a fearsome visage.
The centaur warrior looks frightened!
The skeletal warrior is unaffected.
The centaur warrior supplicates abjectly, "Please don't kill me!"
The skeletal warrior hits you with a +0 glaive!
* * * LOW HITPOINT WARNING * * *
Unknown command.
Okay, then.
You feel better.
The skeletal warrior hits you with a +0 glaive.
* * * LOW HITPOINT WARNING * * *
Okay, then.
Okay, then.
You hit the skeletal warrior but do no damage.
You hit the skeletal warrior.
The skeletal warrior is lightly damaged.
The skeletal warrior hits you with a +0 glaive.
* * * LOW HITPOINT WARNING * * *
You hit the skeletal warrior.
The skeletal warrior is lightly damaged.
You hit the skeletal warrior but do no damage.
The skeletal warrior is lightly damaged.
The skeletal warrior hits you but does no damage.
You hit the skeletal warrior but do no damage.
The skeletal warrior is lightly damaged.
You closely miss the skeletal warrior.
The skeletal warrior is lightly damaged.
The skeletal warrior hits you but does no damage.
You hit the skeletal warrior but do no damage.
The skeletal warrior is lightly damaged.
You hit the skeletal warrior but do no damage.
The skeletal warrior is lightly damaged.
The skeletal warrior hits you with a +0 glaive.
* * * LOW HITPOINT WARNING * * *
You hit the skeletal warrior but do no damage.
The skeletal warrior is lightly damaged.
You hit the skeletal warrior but do no damage.
The skeletal warrior is lightly damaged.
The skeletal warrior hits you with a +0 glaive!
You die...

c# #...## #'# # '#
###'###
#...##.#.c##$....# ..
..##..#.###.#.#
.###.'..#..'.#.#.+
..#..#.#.. #.#.### #
#.).# #..# #^...)# .####
##[#####'#####'###......
.............|..♣z.#
.........###.#######
#..###..###..# #..#
#.####.## ...# #).)...#
..># #.###.## ..(# #.#
#.# ..## #.###.# ..#
##...##


You could see a skeletal warrior and a centaur warrior (wandering).

Vanquished Creatures
  A hydra (D:8)
  An ogre mage (D:10)
  A centaur warrior (D:10)
  4 two-headed ogres
  A deep elf pyromancer (D:10)
  An ugly thing (D:10)
  A manticore (shapeshifter) (D:10)
  A cyclops (D:10)
  2 gargoyles (D:10)
  A yaktaur (D:10)
  A kobold demonologist (D:10)
  An efreet (D:10)
  2 slime creatures
  Sigmund (D:4)
  A centaur simulacrum (D:10)
  2 wraiths (D:10)
  A wyvern (D:10)
  2 yaks (D:10)
  A vampire mosquito (D:10)
  4 steam dragons
  Edmund (D:4)
  A sky beast (D:5)
  3 orc warriors
  3 ogres
  7 centaurs
  A wyvern zombie (D:8)
  A gnoll sergeant (D:9)
  2 bullfrogs (D:7)
  A scorpion (D:4)
  A water moccasin zombie (D:5)
  A wyvern skeleton (D:5)
  6 killer bees
  8 wights
  A howler monkey (D:10)
  3 centaur zombies
  6 jellies
  2 centaur skeletons
  2 gnoll shamans (D:6)
  3 hounds
  3 iguanas (D:5)
  Terence (D:2)
  A scorpion zombie (D:5)
  Natasha (thrice) (D:3)
  9 orc wizards
  A hound skeleton (D:4)
  16 gnolls
  3 adders
  An ufetubus (D:6)
  An adder skeleton (D:3)
  3 dart slugs
  21 orcs
  6 bats
  8 endoplasms
  3 giant cockroaches
  10 hobgoblins
  7 jackals
  A quokka (D:1)
  5 ball pythons
  2 frilled lizards
  3 goblins
  9 kobolds
  5 rats
205 creatures vanquished.

Notes
Turn   | Place    | Note
-------+----------+-------------------------------------------
     0 | D:1      | serber55 the Octopode Brigand began the quest for the Orb.
     0 | D:1      | Reached XP level 1. HP: 14/14 MP: 1/1
     2 | D:1      | Noticed a tengu
     4 | D:1      | Noticed a vampire
     4 | D:1      | Noticed a formicid
     6 | D:1      | Noticed a vine stalker
     6 | D:1      | Noticed a draconian
     8 | D:1      | Noticed a demonspawn
     8 | D:1      | Noticed a djinni
    10 | D:1      | Noticed a spriggan
    10 | D:1      | Noticed a ghoul
    12 | D:1      | Noticed a barachi
    12 | D:1      | Noticed a troll
    14 | D:1      | Noticed an elf
    16 | D:1      | Noticed a gargoyle
    16 | D:1      | Noticed a minotaur
    18 | D:1      | Noticed an octopode
    18 | D:1      | Noticed a felid
    20 | D:1      | Noticed a human
    22 | D:1      | Noticed a demigod
    22 | D:1      | Noticed a dwarf
    24 | D:1      | Noticed an ogre
    24 | D:1      | Noticed a merfolk
    26 | D:1      | Noticed a palentonga
    26 | D:1      | Noticed a naga
   148 | D:1      | Reached XP level 2. HP: 10/19 MP: 2/2
   640 | D:1      | Found Vudim's Magic Scroll Shop.
   648 | D:1      | Bought a scroll of teleportation for 30 gold pieces
   676 | D:1      | Found a faded altar of an unknown god.
   776 | D:1      | Reached XP level 3. HP: 14/24 MP: 3/3
  1093 | D:1      | Got Sif Muna's Disquisition on Unholy Clay
  1482 | D:2      | Reached skill level 3 in Short Blades
  1550 | D:2      | Noticed Terence
  1559 | D:2      | Killed Terence
  1560 | D:2      | Reached XP level 4. HP: 30/30 MP: 4/4
  1882 | D:3      | Identified a scroll of acquirement
  1882 | D:3      | Acquired the ring "Dipemam" {*Slow rF+ Will+ rCorr Dex+6}
  1958 | D:3      | Reached XP level 5. HP: 27/36 MP: 5/5
  2070 | D:3      | Found a stormy altar of Qazlal.
  2247 | D:3      | Noticed Natasha
  2266 | D:3      | Killed Natasha
  2569 | D:3      | Noticed Natasha
  2573 | D:3      | Killed Natasha
  2626 | D:3      | Found Qoib's Assorted Antiques.
  2738 | D:3      | Noticed Natasha
  2747 | D:3      | Killed Natasha
  3023 | D:4      | Reached skill level 4 in Short Blades
  3023 | D:4      | Reached XP level 6. HP: 42/42 MP: 6/6
  3730 | D:1      | Bought a scroll of blinking for 75 gold pieces
  3730 | D:1      | Bought a scroll of fear for 35 gold pieces
  3730 | D:1      | Bought a scroll of noise for 10 gold pieces
  3730 | D:1      | Bought a scroll of identify for 20 gold pieces
  3730 | D:1      | Bought a scroll of identify for 20 gold pieces
  3730 | D:1      | Bought a scroll of identify for 20 gold pieces
  3848 | D:4      | You fall into a shaft and drop 1 floor!
  3848 | D:5      | Entered Level 5 of the Dungeon
  3848 | D:5      | Noticed a sky beast
  3853 | D:5      | Found a staircase to the Ecumenical Temple.
  3861 | Temple   | Entered the Ecumenical Temple
  4006 | D:5      | Reached XP level 7. HP: 46/46 MP: 7/7
  4061 | D:5      | Reached skill level 5 in Short Blades
  4466 | D:5      | Found a burning altar of Makhleb.
  4573 | D:4      | You fall into a shaft and drop 1 floor!
  4680 | D:4      | Noticed Sigmund
  4701 | D:4      | Killed Sigmund
  4702 | D:4      | Reached skill level 6 in Short Blades
  4702 | D:4      | Reached XP level 8. HP: 54/54 MP: 8/8
  4904 | D:4      | Noticed Edmund
  4907 | D:4      | Killed Edmund
  5213 | D:6      | Reached skill level 5 in Fighting
  5243 | D:6      | Reached skill level 7 in Short Blades
  5315 | D:6      | Reached skill level 5 in Dodging
  5466 | D:6      | Found a shadowy altar of Dithmenos.
  5591 | D:6      | Became a worshipper of Dithmenos the Shadowed
  5947 | D:6      | Reached XP level 9. HP: 58/62 MP: 9/9
  6338 | D:7      | Reached skill level 8 in Short Blades
  7066 | D:7      | Identified the ring "Houhuneu" {rF+ rCorr}
  7169 | D:8      | Reached * piety under Dithmenos
  7170 | D:8      | Reached skill level 9 in Short Blades
  7352 | D:1      | Bought a scroll of torment for 75 gold pieces
  7352 | D:1      | Bought a scroll of enchant armour for 75 gold pieces
  7352 | D:1      | Bought a scroll of fear for 35 gold pieces
  7412 | D:3      | Bought a viscous ruby potion for 21 gold pieces
  7718 | D:8      | Noticed a six-headed hydra
  7720 | D:8      | Killed a six-headed hydra
  7721 | D:8      | Reached XP level 10. HP: 71/71 MP: 10/10
  7831 | D:8      | Found Gyziympu's Distillery.
  7840 | D:8      | Bought a potion of flight for 39 gold pieces
  7840 | D:8      | Bought a potion of degeneration for 13 gold pieces
  7909 | D:8      | Found a shimmering blue altar of Sif Muna.
  7959 | D:8      | Reached skill level 10 in Short Blades
  8006 | D:8      | Found an opulent altar of Gozag.
  8006 | D:8      | Found a glowing silver altar of Zin.
  8092 | D:8      | Found Esei's Distillery.
  8445 | D:9      | Noticed a two-headed ogre
  8457 | D:9      | Killed a two-headed ogre
  8621 | D:9      | Identified the +0 leather armour of Impressiveness {-Tele
                  | Regen+ rCorr Stlth-}
  8663 | D:9      | Found Ceax's Assorted Antiques.
  8710 | D:9      | Learned a level 2 spell: Ensorcelled Hibernation
  8766 | D:9      | Found a blossoming altar of Fedhas.
  8916 | D:9      | Found a snail-covered altar of Cheibriados.
  8977 | D:9      | Reached skill level 1 in Hexes
  8977 | D:9      | Reached skill level 1 in Ice Magic
  9042 | D:9      | Found a runed translucent gate.
  9043 | D:9      | Found a runed translucent gate.
  9043 | D:9      | Found a runed translucent gate.
  9045 | D:9      | Noticed CraigForest's ghost (novice NaDe)
  9047 | D:9      | Found a viscous altar of Jiyva.
  9377 | D:9      | Killed a very large slime creature
  9684 | D:10     | Entered Level 10 of the Dungeon
  9684 | D:10     | Noticed a centaur warrior
  9684 | D:10     | Found a staircase to the Orcish Mines.
  9684 | D:10     | Found a staircase to the Lair.
  9692 | D:10     | Killed a centaur warrior
  9693 | D:10     | Reached skill level 11 in Short Blades
  9715 | D:10     | Noticed a catoblepas
  9716 | D:10     | Noticed a manticore
  9718 | D:10     | Found the amulet of Vitality {Regen+ HP+15}
  9720 | D:10     | Noticed an orc knight
  9720 | D:10     | Noticed a wizard
  9735 | D:10     | Noticed an orc knight
  9735 | D:10     | Noticed a centaur warrior
  9735 | D:10     | Noticed a boulder beetle
  9735 | D:10     | Noticed a skeletal warrior
  9736 | D:10     | Noticed a gargoyle
  9747 | D:10     | Noticed a purple ugly thing
  9820 | D:10     | Reached XP level 11. HP: 77/77 MP: 11/11
  9889 | D:10     | Noticed a centaur warrior
  9889 | D:10     | Noticed a boulder beetle
  9909 | D:10     | Noticed a skeletal warrior
  9972 | D:10     | Noticed a deep elf pyromancer
  9974 | D:10     | Killed a deep elf pyromancer
  9990 | D:10     | Noticed a two-headed ogre
 10001 | D:10     | Noticed a cyclops
 10004 | D:10     | Noticed an ogre mage
 10019 | D:10     | Noticed a two-headed ogre
 10025 | D:10     | Killed an ogre mage
 10073 | D:9      | Killed a two-headed ogre
 10526 | D:10     | Killed a two-headed ogre
 10527 | D:10     | Reached skill level 12 in Short Blades
 10531 | D:10     | Reached ** piety under Dithmenos
 10594 | D:10     | Noticed a salamander
 10596 | D:10     | Noticed a manticore
 10596 | D:10     | a salamander changed into a manticore
 10612 | D:10     | Killed a manticore
 10714 | D:10     | Identified the ring "Zeen" {rF++ Will+ rCorr Int+6}
 10740 | D:10     | Killed a cyclops
 10741 | D:10     | Reached skill level 10 in Fighting
 10849 | D:10     | Upgraded the game from 0.28-a0-390-gb254ac4902 to
                  | 0.28-a0-422-gd71735cc25
 10859 | D:10     | Noticed a white ugly thing
 11071 | D:10     | Killed a white ugly thing
 11274 | D:10     | Noticed a two-headed ogre
 11279 | D:10     | Killed a two-headed ogre
 11280 | D:10     | Reached XP level 12. HP: 88/89 MP: 5/12
 11386 | D:10     | HP: 4/133 [skeletal warrior (9)]
 11395 | D:10     | HP: 6/133 [skeletal warrior (1)]
 11397 | D:10     | Mangled by a skeletal warrior

Illustrated notes

Levels and vault maps discovered:
D:1:      kb_arrival_jail, layout_rooms, serial_shops, shop,
          ebering_ecumenical_altar_box
D:2:      layout_rooms, uniq_terence
D:3:      layout_basic, nicolae_qazlal_general_emergency, serial_shops,
          nicolae_shop_stone, minmay_misc_feat_more_columns, uniq_natasha
D:4:      layout_rooms, grunt_ministairs_11, sigmund_edmund_badplayer
D:5:      layout_rooms, bloody_makhleb, minmay_temple_entry_ruins
D:6:      layout_cave_pods, grunt_dithmenos_smoke,
          chequers_serial_rivers_micro_a
D:7:      layout_loops_ring, hangedman_abyss_or_decor_slice, hex_medium,
          minmay_microvault
D:8:      layout_loops_ring, grunt_temple_overflow_gold_and_silver,
          mainiacjoe_overflow_alcove_4, serial_shops,
          nicolae_shop_competitors_out_of_business, nicolae_square_shop
D:9:      layout_loops_ring, fedhas_bush_and_centaur_altar, cheibriados_altar_1,
          gammafunk_ghost_ooze, serial_shops, nicolae_take_the_stairs
D:10:     minmay_the_grid_square_5x5_4x4 [minmay_the_grid_square_5x5_forky,
          minmay_the_grid_square_5x5_lines, minmay_the_grid_square_5x5_shrine2,
          minmay_the_grid_square_5x5_shuriken,
          minmay_the_grid_square_5x5_two_small,
          minmay_the_grid_square_5x5_prize_monsterx,
          minmay_the_grid_square_5x5_prize_itemx,
          minmay_the_grid_square_5x5_eight,
          minmay_the_grid_square_5x5_beaten_path,
          minmay_the_grid_square_5x5_prize_rear_guard,
          minmay_the_grid_square_5x5_prize_waves,
          minmay_the_grid_square_5x5_tri_point,
          minmay_the_grid_square_5x5_minimal,
          minmay_the_grid_square_5x5_tetrominoes,
          minmay_the_grid_square_5x5_detours,
          minmay_the_grid_square_5x5_n_small], layout_loops_cross,
          mainiacjoe_overflow_alcove_3, lair_entry_dummy, orc_0_dummy,
          serial_shops, shop, enter_bailey_2, minivault_12
Temple:   cyrus_temple_forest

Skill      XL: |  1  2  3  4  5  6  7  8  9 10 11 |
---------------+----------------------------------+-----
Short Blades   | 3 4 6 7 9 11 12 | 12.8
Dodging        | 2 3 4 5 6 7 |  7.4
Stealth        | 6 7 |  7.1
Fighting       | 3 4 5 7 8 10 | 10.7
Hexes          | 3 |  3.0
Ice Magic      | 3 |  3.0
Throwing       | |  2.2

Action                   |  1- 3 |  4- 6 |  7- 9 | 10-12 || total
-------------------------+-------+-------+-------+-------++-------
Melee: Dagger            |    82 |    88 |   330 |   368 ||   868
       Constrict         |    18 |    16 |    41 |    32 ||   107
       Tentacles         |    16 |    24 |    78 |   105 ||   223
Throw: Dart              |     4 |     8 |    23 |     8 ||    43
       Boomerang         |       |       |    15 |    13 ||    28
       Javelin           |       |       |     4 |       ||     4
 Cast: Ensorcelled Hiber |       |       |       |    35 ||    35
Invok: Shadow Step       |       |       |       |     2 ||     2
Evoke: Wand              |       |       |     3 |     9 ||    12
  Use: Scroll            |       |     7 |     7 |     9 ||    23
       Potion            |       |       |     3 |     8 ||    11
 Stab: Sleeping          |     7 |     6 |     9 |    14 ||    36
       Paralysed         |       |       |     2 |     2 ||     4
       Distracted        |       |       |       |     2 ||     2
Armor: Skin              |     3 |     4 |   154 |    36 ||   197
Dodge: Dodged            |    32 |    49 |   191 |   243 ||   515

Table legend: (Time is in decaauts)
 A = Elapsed time spent in this place.
 B = Non-inter-level travel time spent in this place.
 C = Inter-level travel time spent in this place.
 D = Time resting spent in this place.
 E = Time spent auto-exploring this place.
 F = Levels seen in this place.
 G = Mean time per level.
                   A        B        C        D        E       F      G
               +--------+--------+--------+--------+--------+-----+--------+
         Total |  11103 |  10034 |   1069 |   2462 |   5033 |  11 | 1009.4 |
       Dungeon |  11012 |   9971 |   1041 |   2462 |   4984 |  10 | 1101.2 |
        Temple |     90 |     62 |     28 |      0 |     49 |   1 |   90.0 |
               +--------+--------+--------+--------+--------+-----+--------+

Top non-repeatable levels by time:
     D:9: 1468 daAuts
     D:3: 1434 daAuts
     D:1: 1353 daAuts
     D:6: 1233 daAuts
    D:10: 1171 daAuts
     D:8: 1102 daAuts
     D:7: 895 daAuts
     D:4: 884 daAuts
     D:5: 785 daAuts
     D:2: 684 daAuts
  Temple: 90 daAuts
